 Dungeon Crawl Stone Soup version 0.27-b1-42-g19c61b19a5 (webtiles) character file.

Game seed: 2623983142052799621

42 Skeral the Chiller (level 3, 0/24 HPs)
             Began as a Merfolk Ice Elementalist on July 29, 2021.
             Succumbed to an adder's poison
             ... on level 2 of the Dungeon.
             The game lasted 00:09:46 (1247 turns).

Skeral the Chiller (Merfolk Ice Elementalist)       Turns: 1247, Time: 00:09:47

Health: 0/24       AC:  2    Str:  8    XL:     3   Next: 56%
Magic:  0/6        EV: 13    Int: 15    God:
Gold:   15         SH:  0    Dex: 14    Spells: 6/7 levels left

rFire    . . .     SeeInvis .   c - +0 mace
rCold    + . .     Faith    .   (no shield)
rNeg     . . .     Spirit   .   a - +0 robe
rPois    .         Reflect  .   (no helmet)
rElec    .         Harm     .   (no cloak)
rCorr    .         Rampage  .   (no gloves)
Will     .....                  (no boots)
Stlth    ++........             (no amulet)
HPRegen  0.08/turn              b - ring of protection from cold
MPRegen  0.10/turn              (no ring)

@: lethally poisoned (0 -> -10)
A: (nimble swimmer 2), mertail
a: no special abilities


You were on level 2 of the Dungeon.
You visited 1 branch of the dungeon, and saw 2 of its levels.

You collected 15 gold pieces.

Inventory:

Hand Weapons
 c - a +0 mace (weapon)
Armour
 a - a +0 robe (worn)
Jewellery
 b - a ring of protection from cold (left hand)
Scrolls
 e - a scroll of silence {unknown}
 f - 2 scrolls of identify {unknown}
Potions
 d - a potion of curing
 g - a potion of lignification {unknown}


   Skills:
 + Level 3.5 Dodging
 - Level 2.2 Stealth
 + Level 2.5 Spellcasting
 + Level 5.0 Ice Magic


You had 6 spell levels left.
You knew the following spells:

 Your Spells              Type           Power      Damage    Failure   Level
a - Freeze                Ice            64%        1d8       2%          1

Your spell library contained the following spells:

 Spells                   Type           Power      Damage    Failure   Level
 Frozen Ramparts          Ice            32%        1d5       9%          3
 Ozocubu's Armour         Ice            16%        N/A       9%          3
 Hailstorm                Conj/Ice       9%         3d4       58%         4


Dungeon Overview and Level Annotations

Branches:
Dungeon (2/15)

Altars:
Ashenzari


Innate Abilities, Weirdness & Mutations

((You are quick and stealthy near water. (Stealth+, EV+, Speed+++)))
Your lower body shifts to a powerful aquatic tail in water.


Message History

The adder barely misses you.
Casting: Freeze (safe; 2% risk of failure)
Confirm with . or Enter, or press ? or * to list all spells.
Aiming: Freeze (safe; 2% risk of failure)
Press: ? - help, Shift-Dir - straight line, f - adder
Aim: an adder You freeze the adder.
The adder is moderately wounded.
The adder seems to slow down.
The adder closely misses you.
The adder is no longer moving slowly.
Casting: Freeze (safe; 2% risk of failure)
Confirm with . or Enter, or press ? or * to list all spells.
Aiming: Freeze (safe; 2% risk of failure)
Press: ? - help, Shift-Dir - straight line, f/p - adder
Aim: an adder (lightly wounded)
You freeze the adder!
The adder is severely wounded.
The adder seems to slow down.
The adder bites you.
* * * LOW HITPOINT WARNING * * *
You are lethally poisoned!
The adder poisons you!
It was a potion of curing.
You feel better. The adder bites you.
You are poisoned.
The adder poisons you! The ball python bites you. The ball python misses you.
Casting: Freeze (safe; 2% risk of failure)
Confirm with . or Enter, or press ? or * to list all spells.
You don't have enough magic to cast this spell.
Unknown command.
* * * LOW HITPOINT WARNING * * *
You feel sick.
There is a stone staircase leading up here.
You feel sick. The ball python closely misses you. The ball python grabs you.
You stop ascending the stairs.
The ball python constricts you. The adder bites you.
* * * LOW HITPOINT WARNING * * *
You are more poisoned.
The adder poisons you!
Unknown command.
You escape the ball python's grasp.
You die...

##### ###
###...# ..###
#..@..# ....#
#..SS.#####
....##
#.#........
.....#
#######...#####
.....#
#...S....##
.....#
#.######...#
.....#####.#
.#.#
.......S.S.#
##.#
#....##.######
#


You could see an adder (slow) and a ball python.

Vanquished Creatures
  An adder (D:2)
  A dart slug (D:1)
  5 bats
  6 endoplasms
  A giant cockroach (D:1)
  2 goblins (D:1)
  2 hobgoblins (D:1)
  3 kobolds (D:1)
  2 quokkas (D:1)
  2 ball pythons (D:1)
  A frilled lizard (D:1)
  2 rats (D:1)
28 creatures vanquished.

Notes
Turn   | Place    | Note
-------+----------+-------------------------------------------
     0 | D:1      | Skeral the Merfolk Ice Elementalist began the quest for the
                  | Orb.
     0 | D:1      | Reached XP level 1. HP: 13/13 MP: 3/3
   166 | D:1      | Found a faded altar of an unknown god.
   217 | D:1      | Reached XP level 2. HP: 19/19 MP: 1/5
   982 | D:1      | Reached XP level 3. HP: 24/24 MP: 4/6
  1194 | D:2      | Found a broken altar of Ashenzari.
  1216 | D:2      | Reached skill level 5 in Ice Magic
  1247 | D:2      | Succumbed to an adder's poison

Illustrated notes

Levels and vault maps discovered:
D:1:      lightli_arrival_noodles, layout_basic,
          hellmonk_ecumenical_altar_run_dry
D:2:      layout_basic, basic_altar

Skill      XL: |  1  2  3 |
---------------+----------+-----
Dodging        | 3 |  3.5
Ice Magic      | 5 |  5.0
Stealth        | |  2.2
Spellcasting   | |  2.5

Action                   || total
-------------------------++-------
 Cast: Freeze            ||    42
  Use: Potion            ||     1
Armor: Robe              ||     8
Dodge: Dodged            ||    31
